 Dungeon Crawl Stone Soup version 0.26.1-11-gd32895ea62 (webtiles) character file.

Game seed: 12682591185829422377

191 nothank2 the Firebug (level 5, -2/35 HPs)
             Began as a Demonspawn Fire Elementalist on June 15, 2021.
             Was a Follower of Sif Muna.
             Slain by an orc priest
             ... wielding a +2 short sword of venom
              (3 damage)
             ... on level 4 of the Dungeon.
             The game lasted 00:13:40 (4430 turns).

nothank2 the Firebug (Demonspawn Fire Elementalist) Turns: 4430, Time: 00:13:40

Health: -2/35      AC:  2    Str: 15    XL:     5   Next: 42%
Magic:  0/10       EV: 12    Int: 17    God:    Sif Muna [*.....]
Gold:   152        SH:  0    Dex: 13    Spells: 5/10 levels left

rFire    . . .     SeeInvis .   c - +0 short sword
rCold    . . .     Faith    .   (no shield)
rNeg     . . .     Spirit   .   a - +0 robe
rPois    .         Reflect  .   (helmet restricted)
rElec    .         Harm     .   (no cloak)
rCorr    .         Rampage  .   (no gloves)
Will     .....                  (no boots)
Stlth    ++........             (no amulet)
HPRegen  0.11/turn              p - +6 ring of strength
MPRegen  0.12/turn              (no ring)

@: mighty
A: horns 2
a: Renounce Religion, Channel Magic


You were on level 4 of the Dungeon.
You worshipped Sif Muna.
Sif Muna was aware of your devotion.
You visited 1 branch of the dungeon, and saw 4 of its levels.

You collected 152 gold pieces.

Inventory:

Hand Weapons
 c - a +0 short sword (weapon)
Armour
 a - a +0 robe (worn)
Jewellery
 p - a +6 ring of strength (left hand)
Wands
 l - a wand of random effects (20)
Scrolls
 d - 2 scrolls of enchant armour {unknown}
 e - a scroll of magic mapping {unknown}
 f - 3 scrolls of remove curse {unknown}
 g - a scroll of fog {unknown}
 i - 4 scrolls of identify {unknown}
 m - 2 scrolls of fear {unknown}
 n - a scroll of immolation {unknown}
Potions
 b - a potion of flight {unknown}
 h - a potion of attraction {unknown}
 j - a potion of lignification {unknown}
 k - 2 potions of might
 o - a potion of heal wounds {unknown}


   Skills:
 - Level 1.9 Dodging
 - Level 1.8 Stealth
 + Level 3.4 Spellcasting
 + Level 2.5 Conjurations
 + Level 4.1 Fire Magic


You had 5 spell levels left.
You knew the following spells:

 Your Spells              Type           Power        Failure   Level
a - Foxfire               Conj/Fire      56%          4%          1
b - Sticky Flame          Conj/Fire      14%          38%         4

Your spell library contained the following spells:

 Spells                   Type           Power        Failure   Level
 Conjure Flame            Conj/Fire      14%          13%         3
 Inner Flame              Hex/Fire       9%           22%         3
 Fireball                 Conj/Fire      7%           75%         5


Dungeon Overview and Level Annotations

Branches:
Dungeon (4/15)
 Temple: D:4-7

Altars:
Dithmenos
Fedhas
Kikubaaqudgha
Qazlal
Ru
Sif Muna
Wu Jian
Zin
The Shining One
Beogh

Annotations:
D:3 3 runed translucent doors, oc3rt's ghost, amateur KoHu


Innate Abilities, Weirdness & Mutations

You have a pair of horns on your head.


Message History

Casting: Foxfire (safe; 4% risk of failure)
Press: ? - help, Q - select action, (/) - cycle Dir - look around, f - activate You conjure some foxfire!
The orc priest calls down the wrath of Beogh upon you.
Beogh smites you!
* * * LOW HITPOINT WARNING * * *
You closely miss the orc priest.
The foxfire hits the orc.
The orc is heavily wounded.
The orc priest closely misses you.
You hit the orc priest.
The orc priest is heavily wounded.
The orc hits you with a +0 short sword.
* * * LOW HITPOINT WARNING * * *
The orc priest calls down the wrath of Beogh upon you.
You barely resist.
It was a potion of might.
You feel very mighty all of a sudden. The orc hits you but does no damage.
The orc priest hits you with a +2 short sword of venom.
You die...

##.######.##.# #########...#
#............# #....B...)..#
#.........#.[###.#######..(#
######...###........Bo.......
... ...).....#
#####.############ ..
.).).....##### #o# .
.#............##B#
.#.###.#.####.##o# ### )#.#
#...# #@# ##.. ##.# ##..# #o#
#..# ##.# #..# #.# #..# #.#
#..# ..# #Z.## #.# #.## ###
#<... #.# #.# #.##. #.# #.# #
#O# #.# #.# .# ...
#.####.#####..# #..


You could see a worker ant, an orc priest and 2 orcs.

Vanquished Creatures
  An orc priest (D:4)
  A gnoll (D:1)
  6 adders
  2 oozes (D:2)
  2 worms (D:2)
  3 dart slugs
  2 leopard geckos (D:1)
  5 orcs
  A ball python (D:2)
  9 bats
  2 giant cockroaches
  5 goblins
  9 hobgoblins
  3 frilled lizards
  14 kobolds
  10 rats
75 creatures vanquished.

Vanquished Creatures (collateral kills)
  A foxfire (D:3)
1 creature vanquished.

Vanquished Creatures (others)
  188 foxfires
  4 plants (D:3)
192 creatures vanquished.

Grand Total: 268 creatures vanquished

Notes
Turn   | Place    | Note
-------+----------+-------------------------------------------
     0 | D:1      | nothank2 the Demonspawn Fire Elementalist began the quest
                  | for the Orb.
     0 | D:1      | Reached XP level 1. HP: 13/13 MP: 3/3
   316 | D:1      | Reached skill level 3 in Fire Magic
   459 | D:1      | Gained mutation: You have a pair of small horns on your
                  | head. [demonic ancestry]
   459 | D:1      | Reached XP level 2. HP: 19/19 MP: 0/5
   946 | D:1      | Reached XP level 3. HP: 24/24 MP: 2/6
  1521 | D:2      | Found a sacrificial altar of Ru.
  1819 | D:2      | Found a faded altar of an unknown god.
  2161 | D:2      | Reached XP level 4. HP: 30/30 MP: 5/8
  2199 | D:2      | Found a stormy altar of Qazlal.
  2752 | D:3      | Found a glowing golden altar of the Shining One.
  2752 | D:3      | Found a shadowy altar of Dithmenos.
  2753 | D:3      | Found a shimmering blue altar of Sif Muna.
  2754 | D:3      | Found a glowing silver altar of Zin.
  2754 | D:3      | Found an ancient bone altar of Kikubaaqudgha.
  2754 | D:3      | Found a blossoming altar of Fedhas.
  2755 | D:3      | Found an ornate altar of the Wu Jian Council.
  2761 | D:3      | Became a worshipper of Sif Muna the Loreminder
  3052 | D:3      | Found a runed translucent gate.
  3054 | D:3      | Found a runed translucent gate.
  3055 | D:3      | Found a runed translucent gate.
  3055 | D:3      | Noticed oc3rt's ghost (amateur KoHu)
  3059 | D:3      | Found a roughly hewn altar of Beogh.
  3557 | D:3      | Learned a level 4 spell: Sticky Flame
  3573 | D:4      | Noticed an ogre
  3671 | D:4      | Gained mutation: You have a pair of horns on your head.
                  | [demonic ancestry]
  3671 | D:4      | Reached XP level 5. HP: 14/35 MP: 5/9
  4026 | D:4      | Noticed an ogre
  4028 | D:4      | Reached skill level 4 in Fire Magic
  4414 | D:4      | Reached * piety under Sif Muna
  4429 | D:4      | HP: 1/35 [orc/+0 short sword (2)]
  4430 | D:4      | Slain by an orc priest

Illustrated notes

Levels and vault maps discovered:
D:1:      minmay_arrival_radiant_lines, layout_basic
D:2:      layout_rooms, lemuel_round_altar, chequers_ecumenical_altar_simple,
          nicolae_ru_awakened_eye
D:3:      layout_basic, grunt_temple_overflow_open, biasface_ghost_orc_armoury,
          lexackson_kobold_supper
D:4:      layout_loops_ring, uniq_eustachio

Skill      XL: |  1  2  3  4  5 |
---------------+----------------+-----
Fire Magic     | 3 4 |  4.1
Spellcasting   | 3 |  3.4
Conjurations   | 2 |  2.5
Dodging        | |  1.9
Stealth        | |  1.8

Action                   |  1- 3 |  4- 6 || total
-------------------------+-------+-------++-------
Melee: Short sword       |    46 |    17 ||    63
       Unarmed           |     2 |       ||     2
       Headbutt          |     2 |     1 ||     3
 Cast: Foxfire           |    58 |    60 ||   118
  Use: Potion            |       |     1 ||     1
 Stab: Sleeping          |       |     2 ||     2
Armor: Robe              |    12 |     5 ||    17
Dodge: Dodged            |    33 |    16 ||    49
